 Dungeon Crawl Stone Soup version 0.15-a0-2036-g5428f20 (webtiles) character file.

145 N00bl0rd the Skirmisher (level 5, -1/55 HPs)
             Began as an Ogre Fighter on July 13, 2014.
             Slain by an orc
             ... wielding a +0 flail of distortion
              (19 damage)
             ... on Level 2 of the Dungeon.
             The game lasted 00:09:44 (2098 turns).

N00bl0rd the Skirmisher (Ogre Fighter)              Turns: 2098, Time: 00:09:44

HP  -1/55        AC  5     Str 21 (22) XL: 5   Next: 27%
MP   5/5         EV  8     Int  7      God:
Gold 106         SH  8     Dex  9      Spells:  0 memorised,  4 levels left

rFire  . . .     SeeInvis .     a - +0 flail
rCold  . . .     Clarity  .     b - +0 robe
rNeg   . . .     rCorr    .     c - +0 shield
rPois  +         rRot     .     (helmet restricted)
rElec  .         Spirit   .     (no cloak)
SustAb .         Warding  .     (gloves unavailable)
rMut   .         Stasis   .     (boots unavailable)
Gourm  .                        (no amulet)
MR     .....                    t - +2 ring of protection
                                g - ring of poison resistance

@: not resistant to hostile enchantments, very unstealthy
A: unfitting armour, tough skin 1
a: no special abilities


You were on level 2 of the Dungeon.
You were not hungry.

You visited 1 branch of the dungeon, and saw 3 of its levels.

You collected 106 gold pieces.

Inventory:

Hand weapons
 a - a +0 flail (weapon)
Armour
 b - a +0 robe (worn)
 c - a +0 shield (worn)
Comestibles
 d - 2 meat rations
 i - a beef jerky
 j - 3 chunks of orc flesh
 n - a bread ration
 p - 4 chunks of orc flesh
Scrolls
 k - a scroll of identify
 l - a scroll of teleportation
Jewellery
 g - a ring of poison resistance (left hand)
 t - a +2 ring of protection (right hand)
Potions
 e - a potion of might
 f - a potion of agility
 h - 2 potions of curing
 m - a potion of mutation {unknown}


   Skills:
 + Level 4.9 Fighting
 * Level 4.6 Maces & Flails
 - Level 0.4 Armour
 * Level 3.3 Dodging
 + Level 3.4 Shields


You had 4 spell levels left.
You didn't know any spells.

Dungeon Overview and Level Annotations

Branches:
Dungeon (3/15)

Altars:
Okawaru
Trog


Innate Abilities, Weirdness & Mutations

You are too large for most types of armour.
You have tough skin (AC +1).


Message History

The orc hits you with a runed flail! Space warps horribly around you!
* * * LOW HITPOINT WARNING * * *
You climb upwards.
There is a stone staircase leading down here.
Drink which item? (? for menu, Esc to quit)
Okay, then.
Read which item? (? for menu, Esc to quit)
Okay, then.
There is an open door here.
The orc closely misses you.
The orc cheers loudly.
A kobold comes into view.
The kobold shouts!
You miss the kobold. The kobold closely misses you.
You closely miss the kobold. You block the kobold's attack.
The orc completely misses you. You block the kobold's attack.
The orc hits you with a flail of distortion.
Space warps horribly around you!
You die...

#.......#.#......#.#.#).....
#..................#.#.#....
#.......#............>......
#.........#.###.##.#........
#.......#...................
#.......#.....<..#.#........
#.......#.#.#<.....#...(....
#......##.#Ko...#####.......
#..........@................
#.....)##.#...####.#.#+#####
#......##.#...# #..........
###'#####.#...# #.#.#%####.
#.......#...# #.#.#.# #.
################...####.#.#.# #.
#....)................#.#.#.# #.
##(#############...####.#.#.####.
#.# ##.......#.#.#....#.


You could see an orc and a kobold.

Vanquished Creatures
  2 orc wizards
  A gnoll (D:1)
  An adder (D:2)
  3 worms (D:2)
  2 orcs (D:2)
  6 goblins
  7 hobgoblins
  An ooze (D:1)
  5 bats
  5 giant cockroaches
  2 giant geckos
  3 giant newts
  7 kobolds
  8 rats
53 creatures vanquished.

Notes
Turn   | Place    | Note
--------------------------------------------------------------
     0 | D:1      | N00bl0rd, the Ogre Fighter, began the quest for the Orb.
     0 | D:1      | Reached XP level 1. HP: 24/24 MP: 1/1
    57 | D:1      | Reached XP level 2. HP: 22/32 MP: 2/2
   350 | D:1      | Reached XP level 3. HP: 40/40 MP: 3/3
  1340 | D:2      | Found a bloodstained altar of Trog.
  1345 | D:2      | Found an iron altar of Okawaru.
  1430 | D:2      | Reached XP level 4. HP: 42/49 MP: 4/4
  1909 | D:2      | Reached XP level 5. HP: 37/55 MP: 5/5
  2098 | D:2      | Slain by an orc

Action                   |  1- 3 |  4- 6 || total
-------------------------+-------+-------++-------
Melee: Flail             |   114 |    68 ||   182
  Use: Scroll            |     6 |       ||     6
       Potion            |     4 |       ||     4
  Eat: Chunk             |     1 |     3 ||     4
